 Dungeon Crawl Stone Soup version 0.28.0-53-g5a82cb258f (webtiles) character file.

Game seed: 2152001835584365896

9366 Legadrian the Fighter (level 11, -2/115 HPs)
             Began as a Troll Berserker on July 2, 2022.
             Was a High Priest of Trog.
             Slain by an orc warrior
             ... wielding a +0 war axe
              (16 damage)
             ... on level 1 of the Orcish Mines.
             The game lasted 00:26:51 (7190 turns).

Legadrian the Fighter (Troll Berserker)             Turns: 7190, Time: 00:26:51

Health: -2/115     AC:  7    Str: 31    XL:     11   Next: 22%
Magic:  10/10      EV:  8    Int:  7    God:    Trog [*****.]
Gold:   938        SH: 17    Dex: 19    Spells: 10/10 levels left

rFire   . . .      SeeInvis .   i - +12 dagger of Bysotaha {drain, Int+4}
rCold   . . .      Faith    .   p - +0 tower shield
rNeg    + + .      Spirit   .   t - +2 robe {Will+}
rPois   .          Reflect  .   k - +2 hat of Vlad {+Blink rN+ MP-9 Str+4}
rElec   .          Harm     +   j - scarf {harm}
rCorr   +          Rampage  .   (gloves unavailable)
Will    +....      Clarity  +   (boots unavailable)
Stlth   +++.......              s - amulet of regeneration
HPRegen 1.89/turn               n - ring of positive energy
MPRegen 0.12/turn               B - ring "Liuf Dapn" {rCorr MP+9 Dex+6 Stlth+}

@: no status effects
A: large, unfitting armour, claws 3, regeneration 1, shaggy fur 1, tough skin 1,
clarity, deformed body
a: Renounce Religion, Evoke Blink, Berserk, Trog's Hand, Brothers in Arms


You were on level 1 of the Orcish Mines.
You worshipped Trog.
Trog was extremely pleased with you.
You visited 2 branches of the dungeon, and saw 10 of its levels.

You collected 938 gold pieces.

Inventory:

Hand Weapons
 i - the +12 dagger of Bysotaha (weapon) {drain, Int+4}
   (You found it on level 2 of the Dungeon)

   A truly terrible weapon, it drains the life of any living foe it strikes.
   Int:       It affects your intelligence (+4).
 o - a +2 dagger of freezing
 q - a +2 vampiric spear
 u - a +2 long sword of holy wrath
 w - a +1 short sword of speed
 x - a +0 shortbow of freezing
 y - a +2 vampiric hand axe
 A - a +2 morningstar of protection
Missiles
 d - 10 javelins (quivered)
 l - 11 poisoned darts
Armour
 a - a +1 animal skin
 j - a scarf of harm (worn)
 k - the +2 hat of Vlad (worn) {+Blink rN+ MP-9 Str+4}
   (You acquired it on level 9 of the Dungeon)

   Str:       It affects your strength (+4).
   rN:        It protects you from negative energy.
   MP:        It affects your magic capacity (-9).
   +Blink:    It lets you blink.
 p - a +0 tower shield (worn)
 t - a +2 robe of willpower (worn)
 v - +0 acid dragon scales
Jewellery
 f - the amulet "Bixeciud" {Spirit +Blink}
   (You found it on level 8 of the Dungeon)

   [amulet of guardian spirit]

   It causes incoming damage to be divided between your reserves of health and
   magic.
   +Blink:    It lets you blink.
 n - a ring of positive energy (left claw)
 r - an amulet of reflection
 s - an amulet of regeneration (around neck)
 B - the ring "Liuf Dapn" (right claw) {rCorr MP+9 Dex+6 Stlth+}
   (You acquired it on level 9 of the Dungeon)

   [ring of dexterity]

   Dex:       It affects your dexterity (+6).
   MP:        It affects your magic capacity (+9).
   rCorr:     It protects you from acid and corrosion.
   Stlth:     It makes you more stealthy.
Wands
 g - a wand of acid (10)
 m - a wand of charming (34)
Scrolls
 e - 5 scrolls of teleportation
 h - 2 scrolls of holy word
 z - a scroll of enchant weapon
Potions
 b - 3 potions of flight
 c - 3 potions of attraction
 C - a potion of heal wounds
 D - a potion of berserk rage {unknown}


   Skills:
 - Level 9.2 Fighting
 - Level 7.5 Short Blades
 - Level 2.4 Dodging
 + Level 8.7 Shields
 - Level 4.5 Unarmed Combat


You had 10 spell levels left.
You didn't know any spells.
Your spell library was empty.

Dungeon Overview and Level Annotations

Branches:
Dungeon (9/15)             Temple (0/1) D:5             Orc (1/2) D:9
   Lair: D:8-11

Altars:
Kikubaaqudgha
Trog

Shops:
Orc:1 (

Annotations:
Orc:1 Jorgrun


Innate Abilities, Weirdness & Mutations

You are too large for most types of armour.
You have claws for hands.
Your natural rate of healing is unusually fast.
You are covered in fur. (AC +1)
You have tough skin. (AC +1)
You possess an exceptional clarity of mind.
Armour fits poorly on your strangely shaped body.


Message History

The grasping roots constrict you!
The roots' grasp on you weakens, but your attempt to escape fails.
You closely miss the orc. The grasping roots constrict you!
You block the orc's attack. The orc barely misses you.
You barely miss the orc. The grasping roots constrict you!
You block the orc's attack.
You completely miss the orc warrior. The grasping roots constrict you!
You block the orc's attack.
You hit the orc warrior.
The orc warrior is lightly wounded.
The orc warrior hits you with a +0 war axe.
You puncture the orc warrior!
The orc warrior is heavily wounded.
You block the orc's attack. The grasping roots constrict you.
You closely miss Jorgrun. The orc barely misses you.
You closely miss Jorgrun.
The orc hits you with a +0 morningstar of flaming!
The orc burns you. Jorgrun hits you with a staff of earth!
* * * LOW HITPOINT WARNING * * *
The grasping roots constrict you!
* * * LOW HITPOINT WARNING * * *
You miss Jorgrun. You block the orc's attack.
An orc warrior comes into view. It is wielding a +0 hand axe.
Jorgrun closely misses you. The grasping roots constrict you!
* * * LOW HITPOINT WARNING * * *
The grasping roots release their grip on you.
The orc warrior shouts!
You puncture Jorgrun! You drain Jorgrun!
Jorgrun is moderately wounded.
The orc hits you with a +0 mace.
* * * LOW HITPOINT WARNING * * *
You barely miss Jorgrun.
Jorgrun is moderately wounded.
You block Jorgrun's attack. You block the orc's attack.
You puncture Jorgrun! You drain Jorgrun.
Jorgrun is moderately wounded.
An orc comes into view. It is wielding a +0 dagger.
You block Jorgrun's attack.
The orc warrior hits you with a +0 war axe!
You die...

#...#...# ##
##.###..### ###.##
#####....##
#.....#####......#
.......#.###....##
#.........##...##
#............#
#...........##
#...)@.......#
#.#.#goo..>....#
.....o..........
.........#........
o..........#..#...#
..............##...
#.................
#.........##....


You could see Jorgrun (drained), an orc warrior and 3 orcs.

Vanquished Creatures
  An orc warlord (Orc:1)
  An orc knight (Orc:1)
  18 yaks
  3 wyverns
  4 vampire mosquitoes (D:7)
  2 wargs (Orc:1)
  An acid dragon (D:8)
  A water moccasin (D:8)
  13 orc warriors
  3 black bears
  A sky beast (D:7)
  A centaur (D:8)
  A kobold brigand (D:7)
  Blork the orc (D:5)
  6 bullfrogs
  A wyvern zombie (D:8)
  A gnoll sergeant (D:8)
  A scorpion (D:5)
  A water moccasin zombie (D:6)
  A water moccasin skeleton (D:4)
  5 wights (D:9)
  3 howler monkeys
  A bullfrog zombie (D:6)
  2 centaur zombies
  3 hounds
  6 orc priests
  A gnoll shaman (D:9)
  2 centaur skeletons (D:6)
  A bullfrog skeleton (D:5)
  2 iguanas
  Natasha (D:4)
  13 orc wizards
  2 killer bee zombies (D:8)
  2 hound skeletons
  2 howler monkey zombies
  A howler monkey skeleton (D:6)
  8 gnolls
  7 adders
  A shadow imp (D:6)
  2 white imps
  A worm (D:5)
  2 dart slugs
  67 orcs
  7 endoplasms
  5 giant cockroaches
  11 goblins
  5 hobgoblins
  2 quokkas
  A ball python (D:1)
  5 bats
  3 frilled lizards
  13 kobolds
  6 rats
255 creatures vanquished.

Vanquished Creatures (collateral kills)
  An orc priest (Orc:1)
  3 orcs (Orc:1)
4 creatures vanquished.

Grand Total: 259 creatures vanquished

Notes
Turn   | Place    | Note
-------+----------+-------------------------------------------
     0 | D:1      | Legadrian the Troll Berserker began the quest for the Orb.
     0 | D:1      | Reached XP level 1. HP: 22/22 MP: 0/0
   279 | D:1      | Reached XP level 2. HP: 29/29 MP: 1/1
   595 | D:2      | Reached XP level 3. HP: 36/36 MP: 2/2
   940 | D:2      | Identified the +12 dagger of Bysotaha {drain, Int+4}
  1128 | D:3      | Reached ** piety under Trog
  1185 | D:3      | Reached skill level 1 in Short Blades
  1209 | D:3      | Reached XP level 4. HP: 35/44 MP: 3/3
  1802 | D:3      | Reached XP level 5. HP: 32/50 MP: 4/4
  1881 | D:4      | Identified the +1 chain mail of Entitlement {rPois rCorr
                  | Str-4}
  2106 | D:4      | Noticed Natasha
  2114 | D:4      | Killed Natasha
  2216 | D:4      | Reached *** piety under Trog
  2217 | D:4      | Reached XP level 6. HP: 52/59 MP: 5/5
  2601 | D:5      | Entered Level 5 of the Dungeon
  2837 | D:5      | Found a staircase to the Ecumenical Temple.
  3308 | D:5      | Noticed Blork the orc
  3317 | D:5      | Killed Blork the orc
  3318 | D:5      | Reached skill level 5 in Short Blades
  3385 | D:5      | Reached XP level 7. HP: 63/66 MP: 6/6
  3453 | D:6      | Found an ancient bone altar of Kikubaaqudgha.
  3716 | D:6      | Reached XP level 8. HP: 67/74 MP: 7/7
  4257 | D:7      | Reached skill level 3 in Fighting
  4279 | D:7      | Reached skill level 4 in Fighting
  4285 | D:7      | Reached skill level 5 in Fighting
  4578 | D:7      | Reached **** piety under Trog
  4793 | D:8      | Reached skill level 6 in Fighting
  4793 | D:8      | Reached XP level 9. HP: 89/89 MP: 8/8
  4829 | D:8      | Identified the amulet "Bixeciud" {Spirit +Blink}
  4839 | D:8      | Reached skill level 7 in Fighting
  4849 | D:8      | Gained mutation: Armour fits poorly on your strangely
                  | shaped body. [potion of mutation]
  4849 | D:8      | Gained mutation: You possess an exceptional clarity of
                  | mind. [potion of mutation]
  4878 | D:8      | Reached skill level 8 in Fighting
  5176 | D:8      | Reached skill level 9 in Fighting
  5470 | D:9      | Reached ***** piety under Trog
  5479 | D:9      | Reached skill level 1 in Shields
  5479 | D:9      | Reached XP level 10. HP: 101/107 MP: 9/9
  5792 | D:9      | Found a staircase to the Orcish Mines.
  5901 | D:9      | Received a gift from Trog
  6102 | D:9      | Reached skill level 5 in Shields
  6106 | D:9      | Identified 2 scrolls of acquirement
  6107 | D:9      | Acquired the +2 hat of Vlad {+Blink rN+ MP-9 Str+4}
  6117 | D:9      | Acquired the ring "Liuf Dapn" {rCorr MP+9 Dex+6 Stlth+}
  6713 | Orc:1    | Entered Level 1 of the Orcish Mines
  6731 | Orc:1    | Noticed an orc warlord
  6760 | Orc:1    | Killed an orc warlord
  6761 | Orc:1    | Reached XP level 11. HP: 114/115 MP: 10/10
  6879 | Orc:1    | Found Sunoel's Antique Weapon Emporium.
  6883 | Orc:1    | Noticed an orc knight
  6899 | Orc:1    | Killed an orc knight
  7032 | Orc:1    | Found a bloodstained altar of Trog.
  7175 | Orc:1    | Noticed Jorgrun
  7190 | Orc:1    | Slain by an orc warrior

Illustrated notes

Levels and vault maps discovered:
D:1:      nagdon_arrival_zigzag_paths, layout_basic
D:2:      layout_loops_ring
D:3:      minmay_bubble_buster, layout_basic
D:4:      layout_basic, uniq_natasha
D:5:      layout_cave_pods, temple_doors_e, uniq_blork_the_orc
D:6:      layout_cave_pools, general_overflow_altar, serial_glass,
          glass_columns_b, glass_columns_b, nicolae_lava_and_water,
          grunt_ministairs_1, palyth_stone_intersect
D:7:      layout_basic
D:8:      layout_rooms, special_room [special_room_orc], minmay_bent
D:9:      layout_loops_corners, hiddenorc2_lemuel, grunt_ministairs_5
Orc:1:    layout_caves, serial_shops, shop, basic_altar, nicolae_orc_tapped_out,
          uniq_jorgrun

Skill      XL: |  1  2  3  4  5  6  7  8  9 10 11 |
---------------+----------------------------------+-----
Unarmed Combat | 4 |  4.5
Short Blades   | 1 2 4 5 7 |  7.5
Fighting       | 6 9 |  9.2
Shields        | 1 7 8 |  8.7
Dodging        | |  2.4

Action                   |  1- 3 |  4- 6 |  7- 9 | 10-12 || total
-------------------------+-------+-------+-------+-------++-------
Melee: Unarmed           |    76 |       |       |       ||    76
       Punch             |     4 |     4 |     3 |       ||    11
       Dagger            |    17 |    98 |   263 |   254 ||   632
Invok: Berserk           |       |       |       |     2 ||     2
       Brothers in Arms  |       |       |       |     1 ||     1
  Use: Scroll            |       |     4 |     6 |     4 ||    14
       Potion            |       |       |     5 |       ||     5
 Stab: Sleeping          |       |     1 |     1 |     2 ||     4
Armor: Animal skin       |    24 |    16 |       |       ||    40
       Robe              |       |     1 |    55 |    19 ||    75
Dodge: Dodged            |    40 |    36 |    82 |    31 ||   189
Block: Tower shield      |       |       |    42 |   120 ||   162
